 Dungeon Crawl Stone Soup version 0.18-a0-1285-g60d00e1 (webtiles) character file.

5817 Ratboiler the Basher (level 11, 68/68 HPs)
             Began as a Formicid Necromancer on Dec 7, 2014.
             Was an Elder of Okawaru.
             Quit the game on level 9 of the Dungeon on Feb 8, 2016.
             The game lasted 00:46:33 (13359 turns).

Ratboiler the Basher (Formicid Necromancer)        Turns: 13359, Time: 00:46:34

Health: 68/68      AC: 17    Str: 13    XL:     11   Next: 7%
Magic:  19/19      EV: 11    Int: 15    God:    Okawaru [****..]
Gold:   541        SH:  5    Dex: 14    Spells: 6 memorised, 5 levels left

rFire  . . .     SeeInvis +     a - +3 whip (pain)
rCold  + . .     Gourm    .     J - +2 ring mail {rC+}
rNeg   . . .     Faith    +     x - +0 buckler
rPois  .         Spirit   .     (helmet unavailable)
rElec  .         Dismiss  .     l - +2 cloak
rCorr  .         Reflect  .     (no gloves)
SustAt .         Harm     .     H - +0 pair of boots
MR     +....                    Z - amulet of faith (curse)
Stlth  +.........               V - +6 ring of protection
                                R - ring of wizardry

@: somewhat resistant to hostile enchantments, very unstealthy
A: permanent stasis, dig shafts and tunnels, four strong arms, antennae 3
a: Dig, Shaft Self, Heroism, Renounce Religion


You were on level 9 of the Dungeon.
You worshipped Okawaru.
Okawaru was greatly pleased with you.
You were not hungry.

You visited 2 branches of the dungeon, and saw 10 of its levels.
You also visited: Ossuary.

You collected 541 gold pieces.

Inventory:

Hand Weapons
 a - a +3 whip of pain (weapon)
 b - a +0 blowgun
 G - a +1 whip of flaming
Missiles
 p - 37 poisoned needles
 I - 5 needles of sleeping
 M - 2 curare-tipped needles
 N - a throwing net (quivered)
 T - 5 javelins of returning
Armour
 l - a +2 cloak (worn)
 x - a +0 buckler (worn)
 C - a +0 troll leather armour
 H - a +0 pair of boots (worn)
 J - a +2 ring mail of cold resistance (worn)
Jewellery
 e - an uncursed amulet of harm
 F - a +3 ring of strength
 R - a ring of wizardry (left hand)
 V - a +6 ring of protection (right hand)
 Z - a cursed amulet of faith (around neck)
Wands
 s - a wand of slowing (29/48)
 u - a wand of digging (10/24)
 D - a wand of flame (14/48)
 U - a wand of flame (15/48)
Scrolls
 d - a scroll of random uselessness {unknown}
 g - 2 scrolls of enchant armour
 h - a scroll of recharging {unknown}
 j - 3 scrolls of remove curse
 k - 4 scrolls of enchant weapon
 o - 4 scrolls of teleportation {unknown}
 t - 3 scrolls of amnesia
 y - 2 scrolls of magic mapping
 K - a scroll of holy word {unknown}
 P - a scroll of fog {unknown}
 S - 2 scrolls of immolation {unknown}
 W - a scroll of vulnerability {unknown}
Potions
 f - a potion of heal wounds
 i - 3 potions of restore abilities
 m - a potion of resistance
 q - a potion of lignification
 r - 2 potions of brilliance
 v - 2 potions of ambrosia {unknown}
 z - a potion of agility
 B - 3 potions of curing
 E - a potion of invisibility
 X - 2 potions of degeneration {unknown}
 Y - a potion of might
Books
 n - a Necronomicon {highlevel, unknown}

   Spells                             Type                      Level
   a - Haunt                          Necromancy/Summoning         7
   b - Borgnjor's Revivification      Necromancy                   8
   c - Death's Door                   Charms/Necromancy            8
   d - Necromutation                  Transmutation/Necromancy     8
 Q - a book of Frost

   Spells                             Type                      Level
   a - Freeze                         Ice                          1
   b - Throw Frost                    Conjuration/Ice              2
   c - Ozocubu's Armour               Charms/Ice                   3
   d - Throw Icicle                   Conjuration/Ice              4
   e - Summon Ice Beast               Ice/Summoning                4
Miscellaneous
 O - a phial of floods
Comestibles
 c - 2 bread rations
 w - 6 meat rations


   Skills:
 - Level 12.1 Maces & Flails
 - Level 2.8 Armour
 - Level 1.7 Dodging
 - Level 2.4 Stealth
 + Level 3.1 Shields
 - Level 5.6 Spellcasting
 - Level 8.0 Necromancy
 - Level 2.3 Invocations


You had 5 spell levels left.
You knew the following spells:

 Your Spells              Type           Power        Failure   Level  Hunger
a - Pain                  Necr           ####         1%          1    None
b - Animate Skeleton      Necr           N/A          1%          1    None
c - Vampiric Draining     Necr           ####......   1%          3    ###....
d - Animate Dead          Necr           N/A          6%          4    ####...
e - Regeneration          Chrm/Necr      ###.......   9%          3    ###....
f - Control Undead        Necr           ####......   6%          4    ####...


Dungeon Overview and Level Annotations

Branches:
Dungeon (9/15)             Temple (1/1) D:6
   Lair: D:8-11         Orc: D:9-12

Altars:
Ashenzari
Cheibriados
Dithmenos
Elyvilon
Fedhas
Gozag
Kikubaaqudgha
Makhleb
Nemelex Xobeh
Okawaru
Qazlal
Ru
Sif Muna
Trog
Vehumet
Xom
Yredelemnul
Zin
The Shining One


Innate Abilities, Weirdness & Mutations

You are under a permanent stasis effect.
You can dig through walls and to a lower floor.
Your four strong arms can wield two-handed weapons with a shield.
You have a pair of large antennae on your head (SInv).


Message History

There is an open door here.
There is an open door here.
You swap places.
There is an open door here.
You swap places.
You swap places.
You swap places.
There is an open door here.
A centaur comes into view.
Saving game... please wait.
Welcome back, Ratboiler the Formicid Necromancer.
Okawaru says: Bring me glory in combat!
Press ? for a list of commands and other information.
Saving game... please wait.
Welcome back, Ratboiler the Formicid Necromancer.
Okawaru says: Bring me glory in combat!
Press ? for a list of commands and other information.
Quiver which item? (- for none, * to show all) (? for menu, Esc to quit)
Okay, then.
Are you sure you want to abandon this character and quit the game? (Confirm with "yes".)

#...............###.
#...............# #.
#...............###.
#.....##)######....Z
#.....#)).....######
#.....#.......#.....
#.....#.......#.....
#.....#.......##....
#..@..#.......##....
#..Z..#)......##....
#.....'.......##....
#....##8..8##.##....
#....##...._####....
#.######..######....
#.####......#.##....
#....###..###.##....
#....##....⌠#.##....


You could see a friendly killer bee zombie.

Vanquished Creatures
  Pikel (D:9)
  Psyche (D:8)
  A komodo dragon (D:9)
  A wyvern (D:9)
  Eustachio (D:8)
  A wolf (D:8)
  3 orc warriors
  An ice beast (D:7)
  3 ogres
  2 sky beasts
  3 slaves (D:9)
  3 centaurs
  Duvessa (D:7)
  An elf zombie (Ossuary)
  6 giant frogs
  A big kobold (D:5)
  13 killer bees
  2 scorpions
  3 wights
  Dowan (D:7)
  2 centaur zombies
  6 hounds
  A crimson imp (D:7)
  2 giant frog zombies
  Crazy Yiuf (D:7)
  A human zombie (Ossuary)
  4 orc priests
  2 jellies (D:9)
  8 orc wizards
  6 worker ants
  3 iguanas
  A killer bee zombie (D:8)
  A big kobold zombie (Ossuary)
  Ijyb (D:4)
  Terence (D:3)
  2 mummies (Ossuary)
  A shadow imp (D:6)
  5 adders
  5 worms
  2 adder zombies
  6 giant geckos
  2 oozes
  25 orcs
  13 bats
  5 giant cockroaches
  6 goblins
  9 hobgoblins
  21 jackals
  2 ball pythons
  5 giant newts
  A giant spore (D:6)
  11 hobgoblin zombies (Ossuary)
  2 jackal zombies (Ossuary)
  18 kobolds
  7 kobold zombies (Ossuary)
  10 orc zombies (Ossuary)
  5 quokkas
  14 rats
  A rat zombie (Ossuary)
  14 ballistomycetes (D:6)
281 creatures vanquished.

Vanquished Creatures (collateral kills)
  The ghost of Noname the Destroyer, an experienced HOFE (D:5)
  Grum (D:8)
  A wolf (D:8)
  A necrophage (D:9)
  A black bear (D:6)
  A centaur (D:8)
  A big kobold (D:8)
  A giant frog (D:8)
  A killer bee (D:8)
  2 giant frog zombies
  An orc priest (D:9)
  A quasit (D:9)
  An orc wizard (D:9)
  A worker ant (D:9)
  A killer bee zombie (D:9)
  A mummy (D:8)
  2 adders
  A shadow imp (D:8)
  2 orcs
  4 hobgoblins
  A jackal (D:4)
  2 bats
  2 kobolds
  3 rats
  5 ballistomycetes (D:6)
39 creatures vanquished.

Vanquished Creatures (others)
  A centaur zombie (D:9)
  A centaur skeleton (D:8)
  An iguana (D:9)
  4 killer bee zombies (D:8)
  A human zombie (D:9)
  An ogre skeleton (D:5)
  A hound skeleton (D:4)
  2 worker ant zombies
  3 orc zombies
  An adder skeleton (D:8)
  An elf skeleton (D:7)
  7 orc skeletons
  2 bat skeletons (D:3)
  A giant gecko skeleton (D:4)
  3 giant spores (D:6)
  3 goblin skeletons
  3 hobgoblin skeletons
  A hobgoblin zombie (D:9)
  4 jackal skeletons
  2 kobold skeletons
  A quokka skeleton (D:3)
  5 rat skeletons
49 creatures vanquished.

Grand Total: 369 creatures vanquished

Notes
Turn   | Place    | Note
--------------------------------------------------------------
     0 | D:1      | Ratboiler, the Formicid Necromancer, began the quest for the Orb.
     0 | D:1      | Reached XP level 1. HP: 13/13 MP: 3/3
   136 | D:1      | Reached skill level 1 in Armour
   374 | D:1      | Reached XP level 2. HP: 16/19 MP: 5/5
  1417 | D:1      | Reached XP level 3. HP: 24/24 MP: 7/7
  1700 | D:2      | Learned a level 1 spell: Animate Skeleton
  1998 | D:2      | Reached skill level 1 in Maces & Flails
  2206 | D:2      | Reached XP level 4. HP: 27/30 MP: 8/8
  2427 | D:2      | Learned a level 3 spell: Vampiric Draining
  2876 | D:3      | Reached XP level 5. HP: 35/35 MP: 11/11
  3059 | D:3      | Noticed Terence
  3089 | D:3      | Killed Terence
  3357 | D:3      | Reached skill level 5 in Necromancy
  3400 | D:4      | Noticed Ijyb
  3430 | D:4      | Killed Ijyb
  3516 | D:4      | Reached XP level 6. HP: 41/41 MP: 6/12
  3656 | D:4      | Your ally Ijyb died
  3710 | D:4      | Found a glowing silver altar of Zin.
  3826 | D:4      | Found a stormy altar of Qazlal.
  3885 | D:4      | Reached XP level 7. HP: 37/46 MP: 14/14
  3909 | D:4      | Learned a level 4 spell: Animate Dead
  3924 | D:4      | Found a sand-covered staircase.
  3933 | Ossuary  | Entered an ossuary
  4369 | Ossuary  | Reached skill level 6 in Necromancy
  5217 | D:5      | Entered Level 5 of the Dungeon
  5217 | D:5      | Found a basalt altar of Yredelemnul.
  5225 | D:5      | Got a slimy robe
  5240 | D:5      | Identified the +2 robe of Eternal Night {Int+2} (You found it on level 5 of the Dungeon)
  5302 | D:5      | Found a shimmering altar of Xom.
  5370 | D:5      | Noticed Noname's ghost (experienced HOFE)
  5431 | D:5      | Reached skill level 5 in Maces & Flails
  5938 | D:5      | Killed Noname's ghost
  5938 | D:5      | Reached skill level 7 in Necromancy
  5938 | D:5      | Reached XP level 8. HP: 24/52 MP: 16/16
  6452 | D:6      | Found a staircase to the Ecumenical Temple.
  6458 | Temple   | Entered the Ecumenical Temple
  6951 | D:6      | Reached skill level 8 in Necromancy
  7090 | D:6      | Reached XP level 9. HP: 57/57 MP: 16/18
  7321 | D:6      | Found a blossoming altar of Fedhas.
  7322 | D:6      | Found an ancient bone altar of Kikubaaqudgha.
  8504 | D:7      | Noticed Duvessa
  8506 | D:7      | Noticed Dowan
  8522 | D:7      | Killed Duvessa
  8553 | D:7      | Killed Dowan
  8595 | D:7      | Your ally Dowan died
  8747 | D:6      | Reached skill level 5 in Spellcasting
  8920 | D:7      | Noticed Crazy Yiuf
  8935 | D:7      | Killed Crazy Yiuf
  9405 | D:7      | Found an iron altar of Okawaru.
  9905 | D:7      | Became a worshipper of Warmaster Okawaru
  9991 | D:7      | Learned a level 3 spell: Regeneration
  9996 | D:7      | Learned a level 4 spell: Control Undead
 10522 | D:8      | Noticed Eustachio
 10580 | D:8      | Killed Eustachio
 10580 | D:8      | Reached piety under Okawaru
 10580 | D:8      | Reached skill level 9 in Maces & Flails
 10580 | D:8      | Reached XP level 10. HP: 44/63 MP: 11/24
 10926 | D:8      | Noticed Grum
 10939 | D:8      | Killed Grum
 10939 | D:8      | Reached skill level 10 in Maces & Flails
 11702 | D:8      | Reached skill level 11 in Maces & Flails
 11778 | D:9      | Noticed Pikel
 11901 | D:9      | Killed Pikel
 12133 | D:9      | Noticed Psyche
 12169 | D:8      | Killed Psyche
 12376 | D:9      | Received a gift from Okawaru
 12660 | D:9      | Reached skill level 1 in Shields
 12663 | D:9      | Found a shattered altar of Ashenzari.
 12684 | D:9      | Found an opulent altar of Gozag.
 12728 | D:9      | Reached skill level 12 in Maces & Flails
 12802 | D:9      | Reached XP level 11. HP: 65/68 MP: 22/25
 13153 | D:9      | Upgraded the game from 0.16-a0-3008-g8433e14 to 0.16-a0-3041-gb38e1a0
 13359 | D:9      | Upgraded the game from 0.16-a0-3041-gb38e1a0 to 0.18-a0-1285-g60d00e1
 13359 | D:9      | Quit the game

Vault maps used:
D:1:      scummos_arrival_star, minmay_stone_trees_medium, glass_columns_a
D:2:      mrwooster_statue_mirror
D:3:      first_bread, uniq_terence
D:4:      grunt_qazlal_sundering, nicolae_overflow_hidden_temple,
          nicolae_ossuary_entry_monument, uniq_iyjb
D:5:      yredelemnul_altar_generic, basic_altar, kennysheep_small_spiral
D:6:      grunt_temple_overflow_growth_and_decay, temple_green
D:7:      lemuel_doored_altar, uniq_duvessa, uniq_crazy_yiuf_cottage
D:8:      uniq_grum, uniq_eustachio
D:9:      minitemple, uniq_pikel, uniq_psyche
Temple:   bh_familiar_temple
Ossuary:  ossuary_tomb_1

Action                   |  1- 3 |  4- 6 |  7- 9 | 10-12 || total
-------------------------+-------+-------+-------+-------++-------
Melee: Mace              |   101 |       |       |       ||   101
       Whip              |    40 |   143 |   650 |   190 ||  1023
 Fire: Blowgun           |       |       |    21 |     6 ||    27
Throw: Stone             |       |       |     2 |       ||     2
 Cast: Pain              |       |    50 |    38 |    67 ||   155
       Animate Skeleton  |       |    19 |    26 |     7 ||    52
       Vampiric Draining |       |     5 |    10 |    43 ||    58
       Animate Dead      |       |       |     5 |    12 ||    17
 Abil: Dig               |       |     3 |    11 |     1 ||    15
Evoke: Wand              |     2 |       |       |     3 ||     5
       Phial of floods   |       |       |     1 |       ||     1
  Use: Scroll            |     1 |       |    15 |     1 ||    17
       Potion            |       |       |     1 |       ||     1
 Stab: Sleeping          |       |     3 |     1 |       ||     4
       Distracted        |       |     1 |     1 |     2 ||     4
       Invisible         |       |       |       |     1 ||     1
  Eat: Bread ration      |     1 |       |     1 |     1 ||     3
       Chunk             |       |     9 |    17 |     6 ||    32
       Beef jerky        |       |       |     1 |       ||     1
       Royal jelly       |       |       |     1 |       ||     1
       Fruit             |       |       |       |     5 ||     5
